Canucks vs Kings

Created - 3 décembre 2019 at 16:03

Goals
1 2 3 T
Canucks 0 0 2 2
Kings 0 1 0 1
Shots
1 2 3 T
Canucks 8 4 15 27
Kings 10 12 11 33

1st period

No Goal

Penalties :
No Penalty

2nd period

1. Kings , Zack Smith 6 (Michael Grabner 7) at 18:53

Penalties :
Shea Weber (LAK) for Tripping (Minor) at 1:50, Darnell Nurse (VAN) for Hooking (Minor) at 8:30

3rd period

2. Canucks , Jason Dickinson 3 (Dominik Kubalik 1, Matt Calvert 1) at 6:04
3. Canucks , Darnell Nurse 4 (Erik Johnson 9, Dominik Kubalik 2) at 7:53

Penalties :
Thomas Vanek (LAK) for Tripping (Minor) at 14:11

Goalie Stats

Ben Bishop (VAN), 32 saves from 33 shots - (0,970), W, 11-8-1, 60:00 minutes
Devan Dubnyk (LAK), 25 saves from 27 shots - (0,926), L, 14-2-3, 59:22 minutes

Players Stats for Canucks

Player Name              G  A  P  +/- PIM S  H  SB GA TA FO     MP     PP MP  PK MP  
------------------------------------------------------------------------------------
Alex Killorn             0  0  0   0  0   1  0  3  1  0  1/2    16:52   0:00   0:48 
Alex Tuch                0  0  0   0  0   3  3  0  1  0  0/0    18:05   1:47   0:00 
Blake Wheeler            0  0  0   0  0   1  1  0  1  2  0/1    18:15   2:11   0:00 
Brandon Tanev            0  0  0   0  0   2  3  0  0  0  0/0    12:03   0:00   0:48 
Charlie McAvoy           0  0  0   0  0   0  1  3  0  1  0/0    22:55   2:20   0:00 
Darnell Nurse            1  0  1   2  2   1  1  2  0  0  0/0    19:51   1:38   0:00 
Derek Ryan               0  0  0   0  0   1  2  0  0  0  12/17  18:05   1:47   0:00 
Dominik Kubalik          0  2  2   1  0   4  2  1  1  0  0/0    12:31   1:47   0:16 
Erik Cernak              0  0  0  -1  0   0  0  0  0  0  0/0    19:12   1:38   0:52 
Erik Johnson             0  1  1   1  0   1  1  1  1  0  0/0    21:57   0:20   1:07 
Gustav Nyquist           0  0  0   0  0   2  2  0  1  1  0/0    18:27   2:11   0:00 
Jason Dickinson          1  0  1   1  0   1  0  0  0  0  4/5    10:24   0:00   0:00 
Jimmy Vesey              0  0  0   0  0   3  0  0  0  0  0/0    10:13   0:00   0:00 
Jordan Martinook         0  0  0   0  0   0  0  0  0  0  3/8    11:08   0:00   0:55 
Matt Calvert             0  1  1   1  0   1  1  2  0  1  0/0    12:21   0:00   0:55 
Mika Zibanejad           0  0  0   0  0   6  1  2  1  2  15/29  19:35   2:11   0:16 
Oscar Klefbom            0  0  0   1  0   0  0  0  1  1  0/0    20:18   0:55   1:07 
Quinn Hughes             0  0  0  -1  0   0  0  1  0  1  0/0    15:48   1:05   0:52 

Players Stats for Kings

Player Name              G  A  P  +/- PIM S  H  SB GA TA FO     MP     PP MP  PK MP  
------------------------------------------------------------------------------------
Alex Ovechkin            0  0  0   0  0   4  2  0  0  0  1/2    20:40   1:01   1:14 
Artem Anisimov           0  0  0  -1  0   1  1  0  0  1  9/18   17:29   0:58   0:00 
Artemi Panarin           0  0  0   0  0   7  0  0  0  1  1/1    19:26   1:01   0:00 
Artturi Lehkonen         0  0  0   0  0   1  1  0  1  0  0/0    11:59   0:00   0:52 
Brian Dumoulin           0  0  0   1  0   0  1  2  1  1  0/0    23:22   1:05   0:00 
Carter Rowney            0  0  0   0  0   0  1  0  0  1  1/4     8:56   0:00   0:52 
Danny DeKeyser           0  0  0  -1  0   0  2  3  0  1  0/0    22:49   0:54   2:27 
Jonas Brodin             0  0  0  -1  0   1  0  0  1  0  0/0    22:49   0:54   2:27 
Jonathon Merrill         0  0  0  -1  0   0  1  0  0  0  0/0    13:49   0:00   1:31 
Lee Stempniak            0  0  0   0  0   2  2  0  0  0  0/0     8:00   0:00   0:00 
Luke Schenn              0  0  0  -1  0   1  1  0  0  0  0/0    13:49   0:00   1:31 
Michael Grabner          0  1  1   0  0   1  1  0  1  1  0/0    12:55   0:00   1:52 
Nikolay Goldobin         0  0  0   0  0   3  0  1  0  0  0/0     8:00   0:00   0:00 
Shea Weber               0  0  0   1  2   2  0  0  0  0  0/0    23:21   1:05   0:00 
Thomas Vanek             0  0  0  -1  2   0  2  0  3  0  0/0    17:32   0:58   0:00 
Tomas Hertl              0  0  0   0  0   4  0  0  1  2  11/30  20:40   1:01   1:14 
Tyler Johnson            0  0  0  -1  0   3  0  0  1  0  0/0    17:29   0:58   0:00 
Zack Smith               1  0  1   0  0   3  0  0  0  0  4/7    12:55   0:00   1:52 

3 Stars

1 - Ben Bishop (VAN)
2 - Dominik Kubalik (VAN)
3 - Darnell Nurse (VAN)

Power Play

Canucks - 0 on 2 Attempt(s) - 0,00%
Kings - 0 on 1 Attempt(s) - 0,00%

Penalty Kill

Canucks - 1 on 1 Attempt(s) - 100,00% - Score 0 goal in Penalty Kill
Kings - 2 on 2 Attempt(s) - 100,00% - Score 0 goal in Penalty Kill

Team Stat

Canucks - Hits : 18 - Faceoff Wins : 35 - Blocked Shots : 15 - Penalty Minutes : 2
Kings - Hits : 15 - Faceoff Wins : 27 - Blocked Shots : 6 - Penalty Minutes : 4

Official

Referees : Dan O'Halloran and Dave Lewis
Linesman : Don Henderson and Kiel Murchison

Game Notes

Quinn Hughes is injured at 2:27 of 3rd period (Left Leg)

Finance

Level 1 -- Attendance: 5406 (90,10%) -- Ticket Income 486 540 $
Level 2 -- Attendance: 5000 (100,00%) -- Ticket Income 250 000 $
Level 3 -- Attendance: 2000 (100,00%) -- Ticket Income 60 000 $
Level 4 -- Attendance: 4000 (100,00%) -- Ticket Income 40 000 $
Luxury Box -- Attendance: 916 (91,60%) -- Ticket Income 146 560 $
Game was played at the Hollywood Garden.
Total Attendance: 17322 (96,23%)
Total Ticket Income: 983 100 $
Other Income: 481 719 $
Total Income: 1 464 819 $

Canucks

5 vs 5 Forward 
   Center                   Left Wing                Right Wing               Time % Phy DF OF 
 1 Mika Zibanejad           Blake Wheeler            Alex Killorn             33     0   0  5  
 2 Derek Ryan               Gustav Nyquist           Alex Tuch                33     0   0  5  
 3 Jordan Martinook         Jimmy Vesey              Brandon Tanev            17     0   2  1  
 4 Jason Dickinson          Dominik Kubalik          Matt Calvert             17     1   4  0  

5 vs 5 Defense 
   Defense                  Defense                                           Time % Phy DF OF 
 1 Darnell Nurse            Erik Johnson                                      36     0   5  0  
 2 Oscar Klefbom            Charlie McAvoy                                    36     0   5  0  
 3 Erik Cernak              Quinn Hughes                                      28     0   5  0  
 4 Erik Cernak              Quinn Hughes                                      0      0   5  0  

PowerPlay Forward 
   Center                   Left Wing                Right Wing               Time % Phy DF OF 
 1 Mika Zibanejad           Blake Wheeler            Gustav Nyquist           70     0   0  5  
 2 Derek Ryan               Dominik Kubalik          Alex Tuch                30     0   0  5  

PowerPlay Defense
   Defense                  Defense                                           Time % Phy DF OF 
 1 Quinn Hughes             Charlie McAvoy                                    70     0   0  5  
 2 Erik Cernak              Darnell Nurse                                     30     0   0  5  

Penalty Kill 4 Players Forward 
   Center                   Wing                     Time % Phy DF OF 
 1 Alex Killorn             Brandon Tanev            50     1   4  0  
 2 Jordan Martinook         Matt Calvert             50     1   4  0  

Penalty Kill 4 Players Defense
   Defense                  Defense                  Time % Phy DF OF 
 1 Oscar Klefbom            Erik Johnson             70     1   4  0  
 2 Erik Cernak              Quinn Hughes             30     1   4  0  

Penalty Kill - 3 Players Forward 
   Forward                                           Time % Phy DF OF 
 1 Jason Dickinson                                   60     0   5  0  
 2 Alex Killorn                                      40     0   5  0  

Penalty Kill - 3 Players Defense
   Defense                  Defense                  Time % Phy DF OF 
 1 Erik Johnson             Oscar Klefbom            60     0   5  0  
 2 Erik Cernak              Quinn Hughes             40     0   5  0  

4 vs 4 Forward 
   Center                   Wing                     Time % Phy DF OF 
 1 Mika Zibanejad           Jimmy Vesey              50     1   2  2  
 2 Derek Ryan               Blake Wheeler            50     1   2  2  

4 vs 4 Defense
   Defense                  Defense                  Time % Phy DF OF 
 1 Darnell Nurse            Charlie McAvoy           50     1   2  2  
 2 Erik Johnson             Oscar Klefbom            50     1   2  2  

Last Minutes Offensive
   Center                   Left Wing                Right Wing               Defense                  Defense                  
   Mika Zibanejad           Blake Wheeler            Gustav Nyquist           Charlie McAvoy           Quinn Hughes             

Last Minutes Defensive
   Center                   Left Wing                Right Wing               Defense                  Defense                  
   Mika Zibanejad           Brandon Tanev            Matt Calvert             Darnell Nurse            Erik Johnson             

Goaltenders
Starting : Ben Bishop               
Backup : Jordan Binnington        

Extra Forwards
Normal : Jason Dickinson, Jimmy Vesey, Brandon Tanev - PP : Jason Dickinson, Jimmy Vesey - PK : Brandon Tanev
Extra Defensemen
Normal : Erik Cernak, Quinn Hughes, Erik Johnson - PP : Oscar Klefbom - PK : Charlie McAvoy, Darnell Nurse
Penalty Shots
Mika Zibanejad, Blake Wheeler, Jimmy Vesey, Brandon Tanev, Alex Tuch
Custom OT Lines Forwards
Mika Zibanejad, Blake Wheeler, Derek Ryan, Gustav Nyquist, Alex Tuch, Alex Killorn, Jimmy Vesey, Brandon Tanev, Dominik Kubalik, Jordan Martinook
Custom OT Lines Defensemen
Quinn Hughes, Erik Johnson, Oscar Klefbom, Charlie McAvoy, Darnell Nurse

Scratches
Dan Hamhuis (Healthy), Ryan Getzlaf (Right Leg Injury)

Kings

5 vs 5 Forward 
   Center                   Left Wing                Right Wing               Time % Phy DF OF 
 1 Tomas Hertl              Alex Ovechkin            Artemi Panarin           37     0   1  4  
 2 Artem Anisimov           Tyler Johnson            Thomas Vanek             32     0   2  3  
 3 Zack Smith               Michael Grabner          Artturi Lehkonen         22     1   2  2  
 4 Carter Rowney            Nikolay Goldobin         Lee Stempniak            9      1   2  2  

5 vs 5 Defense 
   Defense                  Defense                                           Time % Phy DF OF 
 1 Shea Weber               Brian Dumoulin                                    40     1   3  1  
 2 Danny DeKeyser           Jonas Brodin                                      36     1   3  1  
 3 Jonathon Merrill         Luke Schenn                                       24     1   3  1  
 4 Brian Dumoulin           Shea Weber                                        0      1   3  1  

PowerPlay Forward 
   Center                   Left Wing                Right Wing               Time % Phy DF OF 
 1 Tomas Hertl              Alex Ovechkin            Artemi Panarin           60     0   1  4  
 2 Artem Anisimov           Tyler Johnson            Thomas Vanek             40     0   1  4  

PowerPlay Defense
   Defense                  Defense                                           Time % Phy DF OF 
 1 Shea Weber               Brian Dumoulin                                    60     1   1  3  
 2 Danny DeKeyser           Jonas Brodin                                      40     1   1  3  

Penalty Kill 4 Players Forward 
   Center                   Wing                     Time % Phy DF OF 
 1 Zack Smith               Michael Grabner          60     1   4  0  
 2 Carter Rowney            Artturi Lehkonen         40     1   4  0  

Penalty Kill 4 Players Defense
   Defense                  Defense                  Time % Phy DF OF 
 1 Danny DeKeyser           Jonas Brodin             60     1   4  0  
 2 Luke Schenn              Jonathon Merrill         40     1   4  0  

Penalty Kill - 3 Players Forward 
   Forward                                           Time % Phy DF OF 
 1 Tomas Hertl                                       60     1   4  0  
 2 Zack Smith                                        40     1   4  0  

Penalty Kill - 3 Players Defense
   Defense                  Defense                  Time % Phy DF OF 
 1 Shea Weber               Brian Dumoulin           60     1   4  0  
 2 Danny DeKeyser           Jonas Brodin             40     1   4  0  

4 vs 4 Forward 
   Center                   Wing                     Time % Phy DF OF 
 1 Tomas Hertl              Alex Ovechkin            60     0   2  3  
 2 Tyler Johnson            Artemi Panarin           40     0   2  3  

4 vs 4 Defense
   Defense                  Defense                  Time % Phy DF OF 
 1 Shea Weber               Brian Dumoulin           60     0   2  3  
 2 Danny DeKeyser           Jonas Brodin             40     0   2  3  

Last Minutes Offensive
   Center                   Left Wing                Right Wing               Defense                  Defense                  
   Tomas Hertl              Alex Ovechkin            Artemi Panarin           Shea Weber               Brian Dumoulin           

Last Minutes Defensive
   Center                   Left Wing                Right Wing               Defense                  Defense                  
   Tomas Hertl              Michael Grabner          Zack Smith               Shea Weber               Danny DeKeyser           

Goaltenders
Starting : Devan Dubnyk             
Backup : Semyon Varlamov          

Extra Forwards
Normal : Artturi Lehkonen, Michael Grabner, Zack Smith - PP : Michael Grabner, Artturi Lehkonen - PK : Zack Smith
Extra Defensemen
Normal : Jonathon Merrill, Luke Schenn, Brian Dumoulin - PP : Jonathon Merrill - PK : Luke Schenn, Shea Weber
Penalty Shots
Alex Ovechkin, Tomas Hertl, Artemi Panarin, Tyler Johnson, Artem Anisimov
Custom OT Lines Forwards
Alex Ovechkin, Tomas Hertl, Artemi Panarin, Tyler Johnson, Artem Anisimov, Thomas Vanek, Michael Grabner, Zack Smith, Artturi Lehkonen, Lee Stempniak
Custom OT Lines Defensemen
Shea Weber, Danny DeKeyser, Brian Dumoulin, Jonas Brodin, Jonathon Merrill

Scratches
Carl Dahlstrom (Healthy)

% Time on Ice - Canucks

Lines # - Real PCT - Wanted PCT - Time Play
Normal Forward
1 - 30% - 33% - 16:04
2 - 31% - 33% - 16:20
3 - 19% - 17% - 10:13
4 - 20% - 17% - 10:24
Normal Defense
1 - 36% - 36% - 19:16
2 - 34% - 36% - 17:53
3 - 30% - 28% - 15:40
4 - 0% - 0% - 0:12
PP Forward
1 - 55% - 70% - 2:11
2 - 45% - 30% - 1:47
PP Defense
1 - 59% - 70% - 2:20
2 - 41% - 30% - 1:38
PK Forward
1 - 40% - 50% - 0:48
2 - 60% - 50% - 1:11
PK Defense
1 - 56% - 70% - 1:07
2 - 44% - 30% - 0:52
PK3 Forward
1 - 0% - 60%
2 - 0% - 40%
PK3 Defense
1 - 0% - 60%
2 - 0% - 40%
44 Forward
1 - 0% - 50%
2 - 0% - 50%
44 Defense
1 - 0% - 50%
2 - 0% - 50%
Last Minute Offensive  - 0:00
Last Minute Defensive  - 1:02
Total
Forward - 60:00
Defense - 60:00

% Time on Ice - Kings

Lines # - Real PCT - Wanted PCT - Time Play
Normal Forward
1 - 33% - 37% - 17:27
2 - 31% - 32% - 16:35
3 - 21% - 22% - 11:03
4 - 15% - 9% - 8:00
Normal Defense
1 - 41% - 40% - 21:40
2 - 35% - 36% - 18:34
3 - 23% - 24% - 12:18
4 - 1% - 0% - 0:33
PP Forward
1 - 51% - 60% - 1:01
2 - 49% - 40% - 0:58
PP Defense
1 - 55% - 60% - 1:05
2 - 45% - 40% - 0:54
PK Forward
1 - 78% - 60% - 3:06
2 - 22% - 40% - 0:52
PK Defense
1 - 62% - 60% - 2:27
2 - 38% - 40% - 1:31
PK3 Forward
1 - 0% - 60%
2 - 0% - 40%
PK3 Defense
1 - 0% - 60%
2 - 0% - 40%
44 Forward
1 - 0% - 60%
2 - 0% - 40%
44 Defense
1 - 0% - 60%
2 - 0% - 40%
Last Minute Offensive  - 0:58
Last Minute Defensive  - 0:00
Total
Forward - 60:00
Defense - 60:00

Play-by-Play

1st period


0:01 of 1st period - Tomas Hertl wins face-off versus Mika Zibanejad in neutral zone.
0:12 of 1st period - Snap shot by Artemi Panarin.
0:12 of 1st period - Stopped by Ben Bishop without a rebound.
0:13 of 1st period - Derek Ryan wins face-off versus Artem Anisimov in Canucks zone.
0:57 of 1st period - Wrist shot by Artemi Panarin.
0:57 of 1st period - Stopped by Ben Bishop without a rebound.
0:58 of 1st period - Jason Dickinson wins face-off versus Tomas Hertl in Canucks zone.
1:25 of 1st period - Jonathon Merrill is hit by Erik Johnson.
1:57 of 1st period - Snap shot by Tyler Johnson.
1:57 of 1st period - Stopped by Ben Bishop with a rebound.
2:15 of 1st period - Snap shot by Jimmy Vesey.
2:15 of 1st period - Stopped by Devan Dubnyk with a rebound.
3:01 of 1st period - Snap shot by Alex Tuch.
3:01 of 1st period - Stopped by Devan Dubnyk without a rebound.
3:02 of 1st period - Mika Zibanejad wins face-off versus Artem Anisimov in Kings zone.
3:11 of 1st period - Snap shot by Mika Zibanejad.
3:11 of 1st period - Stopped by Devan Dubnyk without a rebound.
3:12 of 1st period - Artem Anisimov wins face-off versus Mika Zibanejad in Kings zone.
3:34 of 1st period - Wrist shot by Mika Zibanejad.
3:34 of 1st period - Stopped by Devan Dubnyk with a rebound.
3:36 of 1st period - Snap shot by Alex Killorn.
3:36 of 1st period - Stopped by Devan Dubnyk without a rebound.
3:37 of 1st period - Tomas Hertl wins face-off versus Derek Ryan in Kings zone.
3:42 of 1st period - Snap shot by Alex Ovechkin.
3:42 of 1st period - Shot Misses the Net.
3:44 of 1st period - Wrist shot by Tomas Hertl.
3:44 of 1st period - Stopped by Ben Bishop without a rebound.
3:45 of 1st period - Derek Ryan wins face-off versus Tomas Hertl in Canucks zone.
3:52 of 1st period - Alex Tuch is hit by Alex Ovechkin and loses puck.
4:03 of 1st period - Wrist shot by Artemi Panarin.
4:03 of 1st period - Shot Misses the Net.
4:05 of 1st period - Wrist shot by Tomas Hertl.
4:05 of 1st period - Shot Misses the Net.
4:07 of 1st period - Wrist shot by Artemi Panarin.
4:07 of 1st period - Shot Blocked by Charlie McAvoy.
4:09 of 1st period - Snap shot by Luke Schenn.
4:09 of 1st period - Stopped by Ben Bishop with a rebound.
4:19 of 1st period - Backhand shot by Artemi Panarin.
4:19 of 1st period - Shot Blocked by Charlie McAvoy.
4:41 of 1st period - Wrist shot by Alex Tuch.
4:41 of 1st period - Stopped by Devan Dubnyk without a rebound.
4:42 of 1st period - Mika Zibanejad wins face-off versus Zack Smith in Kings zone.
4:57 of 1st period - Off-side.
4:58 of 1st period - Artem Anisimov wins face-off versus Jordan Martinook in neutral zone.
5:05 of 1st period - Snap shot by Tyler Johnson.
5:05 of 1st period - Shot Blocked by Quinn Hughes.
6:33 of 1st period - Off-side.
6:34 of 1st period - Artem Anisimov wins face-off versus Jordan Martinook in neutral zone.
7:27 of 1st period - Off-side.
7:28 of 1st period - Derek Ryan wins face-off versus Artem Anisimov in neutral zone.
7:57 of 1st period - Wrist shot by Alex Ovechkin.
7:57 of 1st period - Stopped by Ben Bishop with a rebound.
8:13 of 1st period - Snap shot by Michael Grabner.
8:13 of 1st period - Shot Blocked by Charlie McAvoy.
8:15 of 1st period - Slapshot by Danny DeKeyser.
8:15 of 1st period - Shot Blocked by Matt Calvert.
8:43 of 1st period - Wrist shot by Brandon Tanev.
8:43 of 1st period - Shot Misses the Net.
8:57 of 1st period - Snap shot by Gustav Nyquist.
8:57 of 1st period - Stopped by Devan Dubnyk without a rebound.
8:58 of 1st period - Artem Anisimov wins face-off versus Mika Zibanejad in Kings zone.
10:46 of 1st period - Artem Anisimov is hit by Dominik Kubalik and loses puck.
11:06 of 1st period - Off-side.
11:07 of 1st period - Tomas Hertl wins face-off versus Mika Zibanejad in neutral zone.
11:14 of 1st period - Wrist shot by Alex Ovechkin.
11:14 of 1st period - Shot Blocked by Alex Killorn.
11:16 of 1st period - Slapshot by Artemi Panarin.
11:16 of 1st period - Stopped by Ben Bishop with a rebound.
11:18 of 1st period - Slapshot by Danny DeKeyser.
11:18 of 1st period - Shot Misses the Net.
11:20 of 1st period - Slapshot by Jonas Brodin.
11:20 of 1st period - Shot Misses the Net.
11:22 of 1st period - Slapshot by Jonas Brodin.
11:22 of 1st period - Stopped by Ben Bishop with a rebound.
11:24 of 1st period - Snap shot by Danny DeKeyser.
11:24 of 1st period - Shot Misses the Net.
12:42 of 1st period - Charlie McAvoy is hit by Brian Dumoulin and loses puck.
14:12 of 1st period - Oscar Klefbom is hit by Alex Ovechkin and loses puck.
15:44 of 1st period - Erik Johnson is hit by Carter Rowney and loses puck.
16:00 of 1st period - Off-side.
16:01 of 1st period - Mika Zibanejad wins face-off versus Artem Anisimov in neutral zone.
16:26 of 1st period - Jimmy Vesey is hit by Jonathon Merrill and loses puck.
16:33 of 1st period - Snap shot by Artemi Panarin.
16:33 of 1st period - Stopped by Ben Bishop without a rebound.
16:34 of 1st period - Derek Ryan wins face-off versus Tomas Hertl in Canucks zone.
16:45 of 1st period - Danny DeKeyser is hit by Alex Tuch and loses puck.
17:00 of 1st period - Danny DeKeyser is hit by Brandon Tanev.
17:26 of 1st period - Artem Anisimov is hit by Darnell Nurse and loses puck.
18:16 of 1st period - Slapshot by Nikolay Goldobin.
18:16 of 1st period - Stopped by Ben Bishop with a rebound.
19:03 of 1st period - Slapshot by Nikolay Goldobin.
19:03 of 1st period - Deflect By Carter Rowney.
19:03 of 1st period - Shot Misses the Net.
19:03 of 1st period - Puck is out of play.
19:04 of 1st period - Jordan Martinook wins face-off versus Carter Rowney in Canucks zone.
19:15 of 1st period - Slapshot by Brandon Tanev.
19:15 of 1st period - Stopped by Devan Dubnyk without a rebound.
19:16 of 1st period - Alex Ovechkin wins face-off versus Derek Ryan in Kings zone.
19:52 of 1st period - Wrist shot by Tyler Johnson.
19:52 of 1st period - Shot Misses the Net.
19:54 of 1st period - Slapshot by Shea Weber.
19:54 of 1st period - Shot Blocked by Mika Zibanejad.
Goals for this period are 0 for Canucks vs 0 for Kings.
Shots for this period are 8 for Canucks vs 10 for Kings.

2nd period


0:01 of 2nd period - Derek Ryan wins face-off versus Tomas Hertl in neutral zone.
0:01 of 2nd period - Derek Ryan is hit by Danny DeKeyser.
0:09 of 2nd period - Danny DeKeyser is hit by Alex Tuch and loses puck.
0:16 of 2nd period - Wrist shot by Alex Tuch.
0:16 of 2nd period - Shot Misses the Net.
0:26 of 2nd period - Danny DeKeyser is hit by Blake Wheeler and loses puck.
1:50 of 2nd period - Minor Penalty to Shea Weber for Tripping.
1:51 of 2nd period - Zack Smith wins face-off versus Blake Wheeler in Kings zone.
2:18 of 2nd period - Wrist shot by Alex Tuch.
2:18 of 2nd period - Stopped by Devan Dubnyk without a rebound.
2:19 of 2nd period - Derek Ryan wins face-off versus Carter Rowney in Kings zone.
2:44 of 2nd period - Snap shot by Blake Wheeler.
2:44 of 2nd period - Shot Misses the Net.
3:50 of 2nd period - Penalty to Shea Weber is over, Shea Weber is back on ice.
4:45 of 2nd period - Icing by Quinn Hughes.
4:46 of 2nd period - Derek Ryan wins face-off versus Artem Anisimov in Canucks zone.
5:34 of 2nd period - Matt Calvert is hit by Artturi Lehkonen and loses puck.
5:43 of 2nd period - Wrist shot by Michael Grabner.
5:43 of 2nd period - Shot Blocked by Darnell Nurse.
6:23 of 2nd period - Wrist shot by Artem Anisimov.
6:23 of 2nd period - Stopped by Ben Bishop without a rebound.
6:24 of 2nd period - Tomas Hertl wins face-off versus Mika Zibanejad in Canucks zone.
6:37 of 2nd period - Jonas Brodin is hit by Mika Zibanejad and loses puck.
7:02 of 2nd period - Thomas Vanek is hit by Brandon Tanev and loses puck.
7:19 of 2nd period - Snap shot by Dominik Kubalik.
7:19 of 2nd period - Stopped by Devan Dubnyk with a rebound.
7:23 of 2nd period - Wrist shot by Dominik Kubalik.
7:23 of 2nd period - Deflect By Matt Calvert.
7:23 of 2nd period - Shot Misses the Net.
7:23 of 2nd period - Puck is out of play.
7:24 of 2nd period - Jason Dickinson wins face-off versus Tomas Hertl in Kings zone.
8:30 of 2nd period - Minor Penalty to Darnell Nurse for Hooking.
8:31 of 2nd period - Alex Killorn wins face-off versus Tomas Hertl in Canucks zone.
10:30 of 2nd period - Penalty to Darnell Nurse is over, Darnell Nurse is back on ice.
10:57 of 2nd period - Snap shot by Nikolay Goldobin.
10:57 of 2nd period - Shot Blocked by Alex Killorn.
11:02 of 2nd period - Off-side.
11:03 of 2nd period - Jason Dickinson wins face-off versus Carter Rowney in neutral zone.
11:40 of 2nd period - Slapshot by Nikolay Goldobin.
11:40 of 2nd period - Stopped by Ben Bishop with a rebound.
11:42 of 2nd period - Snap shot by Jonas Brodin.
11:42 of 2nd period - Shot Misses the Net.
11:44 of 2nd period - Snap shot by Lee Stempniak.
11:44 of 2nd period - Stopped by Ben Bishop with a rebound.
11:46 of 2nd period - Slapshot by Jonas Brodin.
11:46 of 2nd period - Shot Misses the Net.
11:48 of 2nd period - Snap shot by Lee Stempniak.
11:48 of 2nd period - Shot Blocked by Matt Calvert.
11:50 of 2nd period - Snap shot by Nikolay Goldobin.
11:50 of 2nd period - Shot Blocked by Dominik Kubalik.
11:52 of 2nd period - Slapshot by Lee Stempniak.
11:52 of 2nd period - Stopped by Ben Bishop without a rebound.
11:53 of 2nd period - Derek Ryan wins face-off versus Tomas Hertl in Canucks zone.
11:58 of 2nd period - Snap shot by Derek Ryan.
11:58 of 2nd period - Shot Misses the Net.
12:01 of 2nd period - Icing by Jonathon Merrill.
12:02 of 2nd period - Derek Ryan wins face-off versus Tomas Hertl in Kings zone.
12:52 of 2nd period - Snap shot by Tomas Hertl.
12:52 of 2nd period - Deflect By Artemi Panarin.
12:52 of 2nd period - Stopped by Ben Bishop with a rebound.
14:08 of 2nd period - Snap shot by Tomas Hertl.
14:08 of 2nd period - Shot Misses the Net.
14:10 of 2nd period - Snap shot by Alex Ovechkin.
14:10 of 2nd period - Shot Misses the Net.
14:12 of 2nd period - Backhand shot by Alex Ovechkin.
14:12 of 2nd period - Stopped by Ben Bishop with a rebound.
14:14 of 2nd period - Snap shot by Alex Ovechkin.
14:14 of 2nd period - Shot Misses the Net.
14:16 of 2nd period - Snap shot by Tomas Hertl.
14:16 of 2nd period - Stopped by Ben Bishop without a rebound.
14:17 of 2nd period - Artem Anisimov wins face-off versus Mika Zibanejad in Canucks zone.
14:32 of 2nd period - Snap shot by Artem Anisimov.
14:32 of 2nd period - Shot Misses the Net.
14:42 of 2nd period - Charlie McAvoy is hit by Lee Stempniak and loses puck.
14:55 of 2nd period - Snap shot by Blake Wheeler.
14:55 of 2nd period - Shot Blocked by Nikolay Goldobin.
15:09 of 2nd period - Shea Weber is hit by Brandon Tanev and loses puck.
15:36 of 2nd period - Oscar Klefbom is hit by Thomas Vanek and loses puck.
16:19 of 2nd period - Wrist shot by Michael Grabner.
16:19 of 2nd period - Stopped by Ben Bishop without a rebound.
16:20 of 2nd period - Mika Zibanejad wins face-off versus Zack Smith in Canucks zone.
16:31 of 2nd period - Snap shot by Dominik Kubalik.
16:31 of 2nd period - Deflect By Jason Dickinson.
16:31 of 2nd period - Shot Misses the Net.
16:31 of 2nd period - Puck is out of play.
16:32 of 2nd period - Artem Anisimov wins face-off versus Jason Dickinson in Kings zone.
16:37 of 2nd period - Slapshot by Tyler Johnson.
16:37 of 2nd period - Stopped by Ben Bishop without a rebound.
16:38 of 2nd period - Artem Anisimov wins face-off versus Mika Zibanejad in Canucks zone.
16:39 of 2nd period - Wrist shot by Thomas Vanek.
16:39 of 2nd period - Shot Blocked by Alex Killorn.
16:41 of 2nd period - Snap shot by Shea Weber.
16:41 of 2nd period - Stopped by Ben Bishop without a rebound.
16:42 of 2nd period - Mika Zibanejad wins face-off versus Artem Anisimov in Canucks zone.
16:58 of 2nd period - Icing by Shea Weber.
16:59 of 2nd period - Derek Ryan wins face-off versus Artem Anisimov in Kings zone.
17:30 of 2nd period - Wrist shot by Tyler Johnson.
17:30 of 2nd period - Stopped by Ben Bishop without a rebound.
17:31 of 2nd period - Jordan Martinook wins face-off versus Tomas Hertl in Canucks zone.
17:59 of 2nd period - Slapshot by Jimmy Vesey.
17:59 of 2nd period - Stopped by Devan Dubnyk without a rebound.
18:00 of 2nd period - Zack Smith wins face-off versus Alex Killorn in Kings zone.
18:27 of 2nd period - Oscar Klefbom is hit by Michael Grabner and loses puck.
18:53 of 2nd period - Slapshot by Zack Smith.
18:53 of 2nd period - Goal by Zack Smith - Canucks : 0 - Kings : 1.
18:54 of 2nd period - Mika Zibanejad wins face-off versus Tomas Hertl in neutral zone.
18:57 of 2nd period - Wrist shot by Blake Wheeler.
18:57 of 2nd period - Deflect By Alex Killorn.
18:57 of 2nd period - Shot Misses the Net.
18:57 of 2nd period - Puck is out of play.
18:58 of 2nd period - Mika Zibanejad wins face-off versus Tomas Hertl in Kings zone.
19:03 of 2nd period - Slapshot by Mika Zibanejad.
19:03 of 2nd period - Stopped by Devan Dubnyk with a rebound.
Goals for this period are 0 for Canucks vs 1 for Kings.
Shots for this period are 4 for Canucks vs 12 for Kings.

3rd period


0:01 of 3rd period - Artemi Panarin wins face-off versus Mika Zibanejad in neutral zone.
0:03 of 3rd period - Off-side.
0:04 of 3rd period - Tomas Hertl wins face-off versus Mika Zibanejad in neutral zone.
0:13 of 3rd period - Wrist shot by Tomas Hertl.
0:13 of 3rd period - Shot Misses the Net.
0:19 of 3rd period - Wrist shot by Mika Zibanejad.
0:19 of 3rd period - Stopped by Devan Dubnyk with a rebound.
0:21 of 3rd period - Backhand shot by Alex Killorn.
0:21 of 3rd period - Shot Blocked by Danny DeKeyser.
0:35 of 3rd period - Danny DeKeyser is hit by Charlie McAvoy and loses puck.
0:58 of 3rd period - Snap shot by Brandon Tanev.
0:58 of 3rd period - Deflect By Jimmy Vesey.
0:58 of 3rd period - Stopped by Devan Dubnyk without a rebound.
0:59 of 3rd period - Jordan Martinook wins face-off versus Alex Ovechkin in Kings zone.
1:00 of 3rd period - Wrist shot by Brandon Tanev.
1:00 of 3rd period - Shot Blocked by Brian Dumoulin.
1:25 of 3rd period - Mika Zibanejad is hit by Artem Anisimov and loses puck.
1:52 of 3rd period - Wrist shot by Dominik Kubalik.
1:52 of 3rd period - Shot Misses the Net.
2:16 of 3rd period - Wrist shot by Tyler Johnson.
2:16 of 3rd period - Shot Misses the Net.
2:26 of 3rd period - Quinn Hughes is hit by Thomas Vanek and loses puck.
2:27 of 3rd period - Quinn Hughes from Canucks is injured at 2:27 of 3rd period (Left Leg).
2:28 of 3rd period - Mika Zibanejad wins face-off versus Tomas Hertl in Canucks zone.
2:33 of 3rd period - Wrist shot by Artemi Panarin.
2:33 of 3rd period - Deflect By Darnell Nurse.
2:33 of 3rd period - Stopped by Ben Bishop without a rebound.
2:34 of 3rd period - Tomas Hertl wins face-off versus Mika Zibanejad in Canucks zone.
3:26 of 3rd period - Wrist shot by Zack Smith.
3:26 of 3rd period - Stopped by Ben Bishop without a rebound.
3:27 of 3rd period - Tomas Hertl wins face-off versus Jordan Martinook in Canucks zone.
4:28 of 3rd period - Danny DeKeyser is hit by Gustav Nyquist.
4:46 of 3rd period - Charlie McAvoy is hit by Lee Stempniak.
5:06 of 3rd period - Slapshot by Jimmy Vesey.
5:06 of 3rd period - Deflect By Brandon Tanev.
5:06 of 3rd period - Stopped by Devan Dubnyk without a rebound.
5:07 of 3rd period - Mika Zibanejad wins face-off versus Tomas Hertl in Kings zone.
5:23 of 3rd period - Wrist shot by Artemi Panarin.
5:23 of 3rd period - Stopped by Ben Bishop with a rebound.
5:33 of 3rd period - Tyler Johnson is hit by Derek Ryan and loses puck.
5:57 of 3rd period - Tyler Johnson is hit by Dominik Kubalik and loses puck.
6:02 of 3rd period - Snap shot by Dominik Kubalik.
6:02 of 3rd period - Stopped by Devan Dubnyk with a rebound.
6:04 of 3rd period - Snap shot by Jason Dickinson.
6:04 of 3rd period - Goal by Jason Dickinson - Canucks : 1 - Kings : 1.
6:05 of 3rd period - Mika Zibanejad wins face-off versus Tomas Hertl in neutral zone.
6:20 of 3rd period - Wrist shot by Artemi Panarin.
6:20 of 3rd period - Shot Misses the Net.
6:22 of 3rd period - Slapshot by Jonas Brodin.
6:22 of 3rd period - Shot Blocked by Mika Zibanejad.
6:56 of 3rd period - Wrist shot by Zack Smith.
6:56 of 3rd period - Stopped by Ben Bishop without a rebound.
6:57 of 3rd period - Zack Smith wins face-off versus Mika Zibanejad in Canucks zone.
6:58 of 3rd period - Wrist shot by Artturi Lehkonen.
6:58 of 3rd period - Stopped by Ben Bishop without a rebound.
6:59 of 3rd period - Tomas Hertl wins face-off versus Mika Zibanejad in Canucks zone.
7:02 of 3rd period - Snap shot by Alex Ovechkin.
7:02 of 3rd period - Deflect By Tomas Hertl.
7:02 of 3rd period - Stopped by Ben Bishop without a rebound.
7:03 of 3rd period - Mika Zibanejad wins face-off versus Tomas Hertl in Canucks zone.
7:17 of 3rd period - Snap shot by Oscar Klefbom.
7:17 of 3rd period - Shot Misses the Net.
7:19 of 3rd period - Snap shot by Mika Zibanejad.
7:19 of 3rd period - Shot Blocked by Danny DeKeyser.
7:49 of 3rd period - Wrist shot by Dominik Kubalik.
7:49 of 3rd period - Stopped by Devan Dubnyk with a rebound.
7:51 of 3rd period - Slapshot by Erik Johnson.
7:51 of 3rd period - Shot Blocked by Danny DeKeyser.
7:53 of 3rd period - Slapshot by Darnell Nurse.
7:53 of 3rd period - Deflect By Zack Smith.
7:53 of 3rd period - Goal by Darnell Nurse - Canucks : 2 - Kings : 1.
7:54 of 3rd period - Mika Zibanejad wins face-off versus Tomas Hertl in neutral zone.
7:59 of 3rd period - Slapshot by Blake Wheeler.
7:59 of 3rd period - Shot Misses the Net.
9:01 of 3rd period - Dominik Kubalik is hit by Luke Schenn and loses puck.
9:48 of 3rd period - Slapshot by Oscar Klefbom.
9:48 of 3rd period - Deflect By Blake Wheeler.
9:48 of 3rd period - Stopped by Devan Dubnyk without a rebound.
9:49 of 3rd period - Zack Smith wins face-off versus Derek Ryan in Kings zone.
10:19 of 3rd period - Slapshot by Erik Johnson.
10:19 of 3rd period - Stopped by Devan Dubnyk without a rebound.
10:20 of 3rd period - Tomas Hertl wins face-off versus Derek Ryan in Kings zone.
10:20 of 3rd period - Tomas Hertl is hit by Gustav Nyquist.
10:27 of 3rd period - Off-side.
10:28 of 3rd period - Derek Ryan wins face-off versus Tomas Hertl in neutral zone.
10:33 of 3rd period - Wrist shot by Derek Ryan.
10:33 of 3rd period - Stopped by Devan Dubnyk with a rebound.
10:49 of 3rd period - Snap shot by Alex Ovechkin.
10:49 of 3rd period - Stopped by Ben Bishop with a rebound.
10:55 of 3rd period - Tomas Hertl is hit by Alex Tuch and loses puck.
11:04 of 3rd period - Slapshot by Alex Ovechkin.
11:04 of 3rd period - Stopped by Ben Bishop without a rebound.
11:05 of 3rd period - Mika Zibanejad wins face-off versus Artem Anisimov in Canucks zone.
11:35 of 3rd period - Snap shot by Nikolay Goldobin.
11:35 of 3rd period - Stopped by Ben Bishop without a rebound.
11:36 of 3rd period - Carter Rowney wins face-off versus Derek Ryan in Canucks zone.
12:01 of 3rd period - Derek Ryan is hit by Danny DeKeyser and loses puck.
12:27 of 3rd period - Wrist shot by Alex Tuch.
12:27 of 3rd period - Shot Misses the Net.
12:29 of 3rd period - Snap shot by Gustav Nyquist.
12:29 of 3rd period - Shot Misses the Net.
12:31 of 3rd period - Slapshot by Derek Ryan.
12:31 of 3rd period - Shot Misses the Net.
12:33 of 3rd period - Slapshot by Gustav Nyquist.
12:33 of 3rd period - Shot Misses the Net.
12:35 of 3rd period - Slapshot by Charlie McAvoy.
12:35 of 3rd period - Deflect By Gustav Nyquist.
12:35 of 3rd period - Stopped by Devan Dubnyk without a rebound.
12:36 of 3rd period - Mika Zibanejad wins face-off versus Tomas Hertl in Kings zone.
13:26 of 3rd period - Artturi Lehkonen is hit by Matt Calvert and loses puck.
13:31 of 3rd period - Wrist shot by Dominik Kubalik.
13:31 of 3rd period - Deflect By Matt Calvert.
13:31 of 3rd period - Stopped by Devan Dubnyk without a rebound.
13:32 of 3rd period - Tomas Hertl wins face-off versus Mika Zibanejad in Kings zone.
13:47 of 3rd period - Slapshot by Mika Zibanejad.
13:47 of 3rd period - Shot Misses the Net.
13:49 of 3rd period - Slapshot by Darnell Nurse.
13:49 of 3rd period - Deflect By Mika Zibanejad.
13:49 of 3rd period - Stopped by Devan Dubnyk without a rebound.
13:50 of 3rd period - Derek Ryan wins face-off versus Artem Anisimov in Kings zone.
14:11 of 3rd period - Minor Penalty to Thomas Vanek for Tripping.
14:12 of 3rd period - Mika Zibanejad wins face-off versus Zack Smith in Kings zone.
14:15 of 3rd period - Wrist shot by Gustav Nyquist.
14:15 of 3rd period - Shot Misses the Net.
14:21 of 3rd period - Wrist shot by Blake Wheeler.
14:21 of 3rd period - Shot Misses the Net.
16:11 of 3rd period - Penalty to Thomas Vanek is over, Thomas Vanek is back on ice.
16:24 of 3rd period - Wrist shot by Artem Anisimov.
16:24 of 3rd period - Shot Misses the Net.
16:26 of 3rd period - Snap shot by Shea Weber.
16:26 of 3rd period - Deflect By Oscar Klefbom.
16:26 of 3rd period - Stopped by Ben Bishop without a rebound.
16:27 of 3rd period - Artem Anisimov wins face-off versus Jordan Martinook in Canucks zone.
16:32 of 3rd period - Slapshot by Thomas Vanek.
16:32 of 3rd period - Deflect By Artem Anisimov.
16:32 of 3rd period - Shot Misses the Net.
16:32 of 3rd period - Puck is out of play.
16:33 of 3rd period - Artem Anisimov wins face-off versus Jordan Martinook in Canucks zone.
17:13 of 3rd period - Snap shot by Dominik Kubalik.
17:13 of 3rd period - Stopped by Devan Dubnyk with a rebound.
17:44 of 3rd period - Danny DeKeyser is hit by Derek Ryan and loses puck.
18:18 of 3rd period - Snap shot by Alex Ovechkin.
18:18 of 3rd period - Shot Blocked by Erik Johnson.
18:20 of 3rd period - Slapshot by Luke Schenn.
18:20 of 3rd period - Deflect By Tomas Hertl.
18:20 of 3rd period - Shot Blocked by Darnell Nurse.
18:20 of 3rd period - Puck is out of play.
18:21 of 3rd period - Jason Dickinson wins face-off versus Tomas Hertl in Canucks zone.
19:14 of 3rd period - Snap shot by Mika Zibanejad.
19:14 of 3rd period - Stopped by Devan Dubnyk with a rebound.
19:22 of 3rd period - Kings, Devan Dubnyk is pulled from the net.
19:32 of 3rd period - Slapshot by Tomas Hertl.
19:32 of 3rd period - Stopped by Ben Bishop without a rebound.
19:33 of 3rd period - Jay Leach call a timeout for Kings.
19:33 of 3rd period - Tomas Hertl wins face-off versus Mika Zibanejad in Canucks zone.
19:58 of 3rd period - Slapshot by Mika Zibanejad.
19:58 of 3rd period - Shot Blocked by Brian Dumoulin.
Goals for this period are 2 for Canucks vs 0 for Kings.
Shots for this period are 15 for Canucks vs 11 for Kings.